[Event "Early-Titled-Tuesday-Blitz-September-12-2023"]
[Site "Chess.com"]
[Date "2023.09.12"]
[Round "6"]
[White "charlescandycampbell"]
[Black "GiorgianBarbosa"]
[Result "1-0"]
[WhiteElo "2308"]
[BlackElo "2435"]
[TimeControl "180+1"]
[EndTime "9:06:47 PDT"]
[Termination "charlescandycampbell won by resignation"]

1. d4 Nf6 2. Nf3 e6 3. c4 c5 4. d5 exd5 5. cxd5 d6 6. Nc3 g6 7. g3 Bg7 8. Bg2 O-O 9. O-O Bg4 10.
Nd2 Re8 11. h3 Bc8 12. Nc4 b6 13. Bf4 Bf8 14. a4 Na6 15. Nb5 Ne4 16. f3 g5 17.
fxe4 gxf4 18. Rxf4 Bg7 19. Qf1 Nb4 20. Rxf7 Ba6 21.
Nbxd6 Rf8 22. Rxf8+ Qxf8 23. Qf3 Rd8 24. Qxf8+ Rxf8 25. Rf1 Nc2 26. Rxf8+ Bxf8 27. Kf2 Nd4 28. e3 Nb3 29.
Bf1 Bg7 30. e5 Nc1 31. Nb5 Bxb5 32. axb5 Nb3 33. Ke1 Kf8 34. Kd1 Na5 35. Nxa5 bxa5 36. e6 Ke7 37. Kc2 Kd6 38. e4 Be5 39. g4 Bf6 40. b3 Ke5 41. Kd3 Be7 42. Ke3 h6 43. Bc4 Bg5+ 44. Kf3 Be7 45. Kg3 Kd4 46. Kf4 a4 47.
bxa4 Kxc4 48. Ke5 Bh4 49. e7 Bxe7 50. Ke6 Bd8 51. e5 Kd4 52. d6 c4 53. Kf5 c3 54.
e6 c2 55. e7 c1=Q 56. exd8=Q Qf1+ 57. Kg6 Qb1+ 58. Kxh6 Qc1+ 59. Qg5 Qa3 60. Qf6+ Kd5 61. d7 Qxh3+ 62. Kg5 Qe3+ 63. Kg6 Qe4+ 64. Qf5+ 1-0

[Event "Early-Titled-Tuesday-Blitz-September-12-2023"]
[Site "Chess.com"]
[Date "2023.09.12"]
[Round "6"]
[White "PLAYER_2006_M"]
[Black "GMBenjaminBok"]
[Result "0-1"]
[WhiteElo "2875"]
[BlackElo "2997"]
[TimeControl "180+1"]
[EndTime "9:06:50 PDT"]
[Termination "GMBenjaminBok won by checkmate"]

1. d4 Nf6 2. Nc3 d5 3. Bf4 c5 4. e4 cxd4 5. Qxd4 Nc6 6. Bb5 Bd7 7. Bxc6 Bxc6 8. e5 Nd7 9. e6 fxe6 10. Nf3 Qb6 11. Qd2 d4 12. Qxd4 Bxf3 13. Qxb6 axb6 14. gxf3 g6 15. Nb5 Ra4 16. Be3 Bg7 17. O-O-O Rxa2 18. c3 Nc5 19. Bxc5 bxc5 20. Rhe1 Ra1+ 21. Kc2 Rxd1 22. Rxd1 O-O 23. Rd3 c4 24. Re3 Bh6 25. Rxe6 Rxf3 26. Rxe7 Rxf2+ 27. Kb1 Rxh2 28. Rxb7 Bf4 29.
Nd4 h5 30. Ne6 Be5 31. Rb5 Re2 32. Kc1 h4 33. Kd1 Re3 34. Kd2 Rd3+ 35. Ke2 h3 36.
Ra5 h2 37. Ra1 Rg3 38. Kf2 Rd3 39. Ke2 Rd6 40. Ng5 Rb6 41. Kf3 Rxb2 42. Ne4 Kg7 43. Rd1 Rc2 44. Kg4 Rg2+ 45. Kf3 Rg1 46. Rd7+ Kh6 47.
Nf2 Rf1 48. Kg2 Rxf2+ 49. Kh1 Rf1+ 50. Kg2 h1=Q# 0-1

[Event "Early-Titled-Tuesday-Blitz-September-12-2023"]
[Site "Chess.com"]
[Date "2023.09.12"]
[Round "6"]
[White "Bastiandash"]
[Black "KorolDimitriy75"]
[Result "1-0"]
[WhiteElo "2554"]
[BlackElo "2375"]
[TimeControl "180+1"]
[EndTime "9:06:50 PDT"]
[Termination "Bastiandash won by resignation"]

1. d4 Nf6 2. c4 c5 3. d5 b5 4. Qc2 bxc4 5. e4 d6 6. Nc3 g6 7. Bxc4 Bg7 8. f4 O-O 9. Nf3 Nbd7 10.
O-O Nb6 11. Be2 e6 12. dxe6 Bxe6 13. Rd1 d5 14. exd5 Nfxd5 15. Nxd5 Nxd5 16. Qxc5 Rc8 17. Qf2 Qf6 18. Ne5 Rxc1 19. Raxc1 Nxf4 20. Nf3 Qxb2 21. Bc4 Bxc4 22. Qxb2 Bxb2 23. Rxc4 Ne6 24. Kf2 Rb8 25.
Rc2 Bf6 26. Rd3 a5 27. Rb3 Rd8 28. g3 h5 29. Rb5 Nd4 30. Nxd4 Bxd4+ 31. Kg2 a4 32. Rd2 Kg7 33. Rb4 Bf6 34. Rxd8 Bxd8 35. Rxa4 Kf6 36. Ra6+ Ke5 37. Kf3 Kd5 38. Ra7 Ke6 39. a4 f5 40. Ra6+ Kf7 41. Rc6 Ba5 42. Rc5 Bb4 43. Rb5 Bc3 44. a5 Kf6 45. a6 Bd4 46.
Rb7 g5 47. a7 g4+ 48. Kg2 Bxa7 49. Rxa7 Kg5 50. Ra6 h4 51. Ra5 h3+ 52. Kf2 Kf6 53. Ke3 Kg5 54. Rb5 1-0

[Event "Early-Titled-Tuesday-Blitz-September-12-2023"]
[Site "Chess.com"]
[Date "2023.09.12"]
[Round "6"]
[White "jguerramzllo"]
[Black "arminmusovic"]
[Result "1-0"]
[WhiteElo "2795"]
[BlackElo "2568"]
[TimeControl "180+1"]
[EndTime "9:06:51 PDT"]
[Termination "jguerramzllo won by resignation"]

1. e4 c6 2. d4 d5 3. Nc3 dxe4 4. Nxe4 Nf6 5. Nxf6+ exf6 6. c3 Bd6 7. Bd3 O-O 8. Qc2 Re8+ 9. Ne2 Kh8 10. O-O Nd7 11. Be3 Nf8 12. c4 Bg4 13. Nc3 Rc8 14. Rae1 Bb8 15.
Bf5 Qc7 16. f4 Bxf5 17. Qxf5 Ng6 18. g3 Ne7 19. Qc2 f5 20. Re2 Qd7 21. Rfe1 Ng8 22. Bf2 Red8 23. h3 Bd6 24. a3 h5 25. Qd3 g6 26. d5 c5 27. Nb5 Bb8 28. Qc3+ Kh7 29.
Qc2 a6 30. Nc3 h4 31. Kg2 Nf6 32. Re7 hxg3 33. Rxd7 Rxd7 34. Bxg3 Nh5 35. Ne2 b5 36. b3 Re8 37. Kf3 Rde7 38. Qd2 Nxg3 39. Kxg3 Re4 40. Kf3 bxc4 41. bxc4 Rxc4 42. d6 Rd8 43. d7 Re4 44. Rb1 Bc7 45. Rb7 Bxf4 46. Nxf4 Rd4 47. Qxd4 cxd4 48. Nd3 Kg7 49. Ne5 d3 50. Nc6 d2 51. Ke2 d1=Q+ 52. Kxd1 Rh8 53. d8=Q Rxd8+ 54. Nxd8 f4 55. Nxf7 g5 56. Ke2 Kg6 57. Ne5+ Kf5 58. Ng4 Ke4 59. Nh2 f3+ 60. Nxf3 g4 61. hxg4 a5 62. Ra7 a4 63. Rxa4+ Kd5 64. Rd4+ Kc6 65. g5 Kb7 66. g6 1-0

[Event "Early-Titled-Tuesday-Blitz-September-12-2023"]
[Site "Chess.com"]
[Date "2023.09.12"]
[Round "6"]
[White "Itk04"]
[Black "jcibarra"]
[Result "1/2-1/2"]
[WhiteElo "2764"]
[BlackElo "2927"]
[TimeControl "180+1"]
[EndTime "9:06:52 PDT"]
[Termination "Game drawn by repetition"]

1. d4 Nf6 2. c4 d6 3. Nf3 g6 4. g3 Bg7 5. Bg2 Bf5 6. Nc3 Ne4 7. O-O Nxc3 8. bxc3 Be4 9. Bh3 O-O 10. Nd2 Bc6 11.
Rb1 b6 12. e4 Bd7 13. Bg2 c5 14. Nb3 Nc6 15. Be3 Rc8 16. Qe2 e5 17. d5 Ne7 18.
f4 f5 19. fxe5 Bxe5 20. Bh6 Rf7 21. Bf4 Bxf4 22. Rxf4 g5 23. Rf2 Ng6 24. exf5 Rxf5 25. Rxf5 Bxf5 26. Rf1 Qd7 27. Re1 Ne5 28. Nd2 Qg7 29. Ne4 Bxe4 30. Bxe4 Rf8 31. Rf1 Rf6 32. Bf5 g4 33. Be6+ Kf8 34. Rxf6+ Qxf6 35. Bxg4 Qg5 36. Be6 Qc1+ 37. Qf1+ Qxf1+ 38. Kxf1 Nxc4 39. Ke2 Ke7 40. h4 Kf6 41. Kd3 Ne5+ 42. Ke4 h6 43. g4 Ng6 44.
h5 Ne5 45. Kf4 Nd3+ 46. Ke3 Nc1 47. Kd2 Nxa2 48. Kc2 a5 49. Kb2 Nb4 50. cxb4 cxb4 51. Kb3 Ke5 52. Ka4 Kf4 53. Kb3 Ke5 54. Ka4 Kf4 55. Kb3 Ke5 1/2-1/2

[Event "Early-Titled-Tuesday-Blitz-September-12-2023"]
[Site "Chess.com"]
[Date "2023.09.12"]
[Round "6"]
[White "MarijaKuznecova"]
[Black "karinachess1"]
[Result "0-1"]
[WhiteElo "2406"]
[BlackElo "2612"]
[TimeControl "180+1"]
[EndTime "9:06:52 PDT"]
[Termination "karinachess1 won by resignation"]

1. e4 e5 2. Nf3 Nc6 3. d4 exd4 4.
Nxd4 Bc5 5. Nb3 Bb6 6. Nc3 Nf6 7. Qe2 O-O 8. Bg5 Nd4 9. Nxd4 Bxd4 10. Qd3 Bxc3+ 11.
bxc3 h6 12. Bh4 g5 13. Bg3 Nxe4 14. Be2 d5 15. h4 Bf5 16. Qf3 Qf6 17. O-O Nd2 18.
Qxd5 Nxf1 19. Rxf1 c6 20. Qf3 Qg6 21. h5 Qe6 22.
Bh2 Rfe8 23. Bd3 Bxd3 24. cxd3 Qe2 25. Qf5 Qxh5 26. f4 Qg6 27. Qh3 g4 28. Qg3 Qf5 29.
d4 Re6 30. Qh4 Rae8 31. Bg3 h5 32. Bf2 a6 33. c4 b5 34. cxb5 axb5 35. Rc1 Qxf4 36.
Rc5 Rh6 37. Rg5+ Kh7 38. g3 Qc1+ 39. Kg2 Rg8 40. Rf5 Rg7 41. Rxh5 Rxh5 42. Qxh5+ Kg8 43.
Qf5 Qc4 44. Qc8+ Kh7 45. Qf5+ Rg6 46. Qh5+ Kg7 47. Qe5+ Kg8 48. Qb8+ Kh7 49. Qe5 Qd5+ 50. Qxd5 cxd5 0-1

[Event "Early-Titled-Tuesday-Blitz-September-12-2023"]
[Site "Chess.com"]
[Date "2023.09.12"]
[Round "6"]
[White "AlexandraSamaganova"]
[Black "Sadykov_Ramil"]
[Result "0-1"]
[WhiteElo "2290"]
[BlackElo "2552"]
[TimeControl "180+1"]
[EndTime "9:06:53 PDT"]
[Termination "Sadykov_Ramil won on time"]

1. c4 Nf6 2. Nc3 e6 3. e4 c5 4.
e5 Ng8 5. Nf3 Nc6 6. d4 cxd4 7.
Nxd4 Nxe5 8. Ndb5 a6 9. Nd6+ Bxd6 10. Qxd6 f6 11. Be3 Ne7 12. Bb6 Nf5 13. Qb4 Nc6 14. Qc5 Qe7 15. O-O-O Qxc5 16. Bxc5 Rb8 17. g4 b6 18.
Bxb6 Rxb6 19. gxf5 exf5 20. Nd5 Rb8 21. Bd3 d6 22. h4 Kf7 23. h5 Ne5 24. Be2 Be6 25. f4 Ng4 26. Bxg4 fxg4 27. Ne3 Rhc8 28. b3 Rb6 29. f5 Bd7 30. h6 g6 31. fxg6+ hxg6 32. Nd5 Rbc6 33. Rde1 Be6 34. Nf4 d5 35. h7 Rh8 36. Kd2 dxc4 37. bxc4 Bxc4 38. Rb1 Rc7 39. Rb6 g5 40. Ne2 Bxe2 41. Kxe2 Kg6 42. Rxa6 Rf7 43.
Kf2 Rhxh7 44. Rg1 Rh4 45. Rg2 Rb7 46. Ke3 Rh3+ 47. Kd4 g3 0-1

[Event "Early-Titled-Tuesday-Blitz-September-12-2023"]
[Site "Chess.com"]
[Date "2023.09.12"]
[Round "6"]
[White "tptagain"]
[Black "Goryachkina"]
[Result "1-0"]
[WhiteElo "2926"]
[BlackElo "2667"]
[TimeControl "180+1"]
[EndTime "9:06:54 PDT"]
[Termination "tptagain won on time"]

1. Nf3 d5 2. c4 e6 3. b3 Nf6 4.
Bb2 Be7 5. e3 O-O 6. Nc3 b6 7.
cxd5 exd5 8. g3 Bb7 9. Bg2 d4 10.
exd4 Nbd7 11. O-O a6 12. Rc1 Bd6 13. Re1 Re8 14. Qc2 h6 15. Qf5 b5 16. Ne5 Bxg2 17.
Kxg2 Qc8 18. Ne4 Nxe5 19. Qxc8 Raxc8 20. dxe5 Bxe5 21. Bxe5 Rxe5 22. Nxf6+ gxf6 23. Rxe5 fxe5 24. Kf3 c5 25. Ke4 f6 26. d3 Kf7 27. Kf5 h5 28. h4 Rc7 29. f3 Rc8 30. g4 Rd8 31. Rxc5 Rxd3 32. Rc7+ Ke8 33. gxh5 Rxf3+ 34. Ke6 Kf8 35.
h6 Kg8 36. Kd5 Rd3+ 37. Ke4 Rd4+ 38. Kf5 Rf4+ 39. Kg6 Rg4+ 40. Kxf6 e4 41. h7+ Kh8 42. Re7 Rxh4 43. Kf5 a5 44. Rxe4 Rh5+ 45. Kg6 1-0

[Event "Early-Titled-Tuesday-Blitz-September-12-2023"]
[Site "Chess.com"]
[Date "2023.09.12"]
[Round "6"]
[White "Shield12"]
[Black "Zohid6"]
[Result "1-0"]
[WhiteElo "2978"]
[BlackElo "2737"]
[TimeControl "180+1"]
[EndTime "9:06:58 PDT"]
[Termination "Shield12 won by checkmate"]

1. e4 e6 2. d4 d5 3. Nc3 Nf6 4. Bg5 Be7 5. e5 Nfd7 6. Bxe7 Qxe7 7. f4 O-O 8. Nf3 c5 9. Bd3 h6 10. dxc5 Nc6 11. O-O Nxc5 12. Qd2 b6 13. Ne2 a5 14. Bb5 Bd7 15. a4 Rfc8 16. Qe3 Nb4 17. Ned4 g6 18.
c3 Nc6 19. Bxc6 Bxc6 20. f5 exf5 21. Qxh6 Ne4 22. e6 Be8 23. exf7+ Bxf7 24. Rae1 Re8 25. Qf4 Rad8 26. Re2 Qd6 27. Qh6 Qf8 28. Qf4 Qg7 29.
Ng5 Rd7 30. g4 Rde7 31. Nc6 Nxg5 32. Nxe7+ Rxe7 33. Qb8+ Be8 34. Rxe7 Qxe7 35. gxf5 gxf5 36. Qg3 Kh7 37. Rxf5 Ne4 38. Qe5 Qc5+ 39. Kg2 Bg6 40. Rf4 Qe3 41. Rh4+ Kg8 42. Qxd5+ Kg7 43. Qe5+ Kg8 44.
Qe6+ Kg7 45. Qe7+ Kg8 46. Qd8+ Kf7 47. Qd7+ Kf8 48. Rh8# 1-0

[Event "Early-Titled-Tuesday-Blitz-September-12-2023"]
[Site "Chess.com"]
[Date "2023.09.12"]
[Round "6"]
[White "ShahMatKanal"]
[Black "TregubovP"]
[Result "0-1"]
[WhiteElo "2500"]
[BlackElo "2648"]
[TimeControl "180+1"]
[EndTime "9:07:00 PDT"]
[Termination "TregubovP won by resignation"]

1. e4 c5 2. Nc3 e6 3. d4 cxd4 4.
Qxd4 Nc6 5. Qe3 Nf6 6. Bd2 d5 7. exd5 Nxd5 8. Nxd5 Qxd5 9. Nf3 Bc5 10. Qd3 Qxd3 11. Bxd3 Nb4 12. Bb5+ Bd7 13. Bxd7+ Kxd7 14.
O-O-O Ke7 15. Ne5 Rhd8 16. Bxb4 Bxb4 17. Rxd8 Rxd8 18. Rd1 Rxd1+ 19. Kxd1 Bd6 20. Nf3 f5 21. Ke2 Kf6 22. h3 e5 23. Nd2 e4 24. Nc4 Bc5 25. Na5 b5 26. Nb3 Bb6 27. Nd2 Ke5 28. g3 g5 29. c3 f4 30. gxf4+ gxf4 31. f3 e3 32. Ne4 Bc7 33. Kd3 Kf5 34. b3 Kg6 35. c4 bxc4+ 36. bxc4 Kh5 37. Nf6+ Kg6 38. Nd5 Bd6 39. c5 Bxc5 40. Nxf4+ Kf5 41. Nd5 Kg5 42. Nxe3 Kf4 43. Ng4 Kxf3 44. Nf6 h6 45. Ng8 h5 46.
Nf6 h4 47. Kc4 Bb6 48. Nd5 Kg3 49. Nxb6 axb6 50. Kb5 Kxh3 51. Kxb6 Kg4 52. a4 h3 53. a5 h2 54. a6 h1=Q 55. Ka7 Qc6 56. Kb8 Qxa6 0-1

[Event "Early-Titled-Tuesday-Blitz-September-12-2023"]
[Site "Chess.com"]
[Date "2023.09.12"]
[Round "6"]
[White "AttilaTurzo"]
[Black "IMTominho"]
[Result "0-1"]
[WhiteElo "2466"]
[BlackElo "2808"]
[TimeControl "180+1"]
[EndTime "9:07:00 PDT"]
[Termination "IMTominho won by resignation"]

1. d4 Nf6 2. Nf3 e6 3. Bf4 c5 4.
e3 Qb6 5. Qc1 Nc6 6. c3 Be7 7. Nbd2 d5 8. Bd3 O-O 9. O-O Bd7 10. a4 a6 11. Ne5 Rfd8 12. Qb1 Be8 13. h3 h6 14. Re1 Rac8 15. Qa2 Nd7 16. a5 Qa7 17. Ndf3 Bf6 18. Qa3 Ndxe5 19. dxe5 Be7 20. Qa2 Rd7 21. e4 d4 22. c4 Bd8 23. Qb1 Bxa5 24. Rd1 Bd8 25. Qc1 Kh7 26. g4 Be7 27. h4 Qb6 28. h5 Qd8 29. g5 Bf8 30. Ra3 b5 31. Kh1 Nb4 32. Rg1 bxc4 33. Bxc4 d3 34. Qf1 Rd4 35. gxh6 g6 36. Bg5 Qd7 37. Bf6 Bxh6 38. Qg2 Rxc4 39. Ng5+ Kg8 40. Nxf7 Bxf7 41.
hxg6 Be8 42. Qh3 Bg7 43. Qh7+ Kf8 44. Rg4 d2 45. Rf4 d1=Q+ 46. Kg2 Qg4+ 47. Rxg4 Bxf6 48. g7+ Bxg7 49. Rf4+ Bf7 50. Raf3 Rc7 51. Rxf7+ Qxf7 52. Rxf7+ Rxf7 53. Qg6 Nc6 54. Qf6 Bxf6 0-1

[Event "Early-Titled-Tuesday-Blitz-September-12-2023"]
[Site "Chess.com"]
[Date "2023.09.12"]
[Round "6"]
[White "emeli_chess"]
[Black "sqmorr"]
[Result "1-0"]
[WhiteElo "2356"]
[BlackElo "2189"]
[TimeControl "180+1"]
[EndTime "9:07:00 PDT"]
[Termination "emeli_chess won by checkmate"]

1. d4 Nf6 2. c4 e6 3. Nc3 Bb4 4.
Qc2 O-O 5. e4 d5 6. e5 Ne4 7.
Bd3 Bxc3+ 8. bxc3 c5 9. Bxe4 dxe4 10. Qxe4 Nc6 11. Nf3 Qa5 12. Bd2 Qa4 13. Ng5 g6 14. Qh4 h5 15. Ne4 cxd4 16. Nf6+ Kg7 17. Qg5 Rh8 18.
g4 hxg4 19. Nxg4 Qxc4 20. Qf6+ Kg8 21. Nh6+ Rxh6 22. Bxh6 Qxc3+ 23. Kf1 Qd3+ 24. Kg2 Qe4+ 25. f3 Qxe5 26. Qxe5 Nxe5 27. Rad1 Nc6 28. h4 f6 29. f4 Bd7 30. h5 gxh5 31. Rxh5 Be8 32. Rh3 Bg6 33.
Kf3 Rd8 34. Rg1 Kf7 35. f5 exf5 36.
Bf4 Ne5+ 37. Bxe5 fxe5 38. Rh6 Rg8 39. Rc1 Kg7 40. Rh2 Rf8 41. Rg2 Rf7 42. Rcg1 Rf6 43. Rc1 Rc6 44. Rcg1 Kf7 45. Rh2 b5 46. Rh8 a5 47.
Rb8 b4 48. Rh1 Kf6 49. Rhh8 Kg5 50. Rhg8 e4+ 51. Kg3 d3 52. Rbd8 Rc2 53. Rd6 f4+ 54.
Kh3 Kf5 55. Rgxg6 d2 56. Rgf6+ Ke5 57. Rfe6+ Kf5 58. Rf6+ Ke5 59. Kg4 e3 60. Rfe6# 1-0

[Event "Early-Titled-Tuesday-Blitz-September-12-2023"]
[Site "Chess.com"]
[Date "2023.09.12"]
[Round "6"]
[White "Hilary46"]
[Black "abhidabhi"]
[Result "0-1"]
[WhiteElo "2571"]
[BlackElo "2877"]
[TimeControl "180+1"]
[EndTime "9:07:02 PDT"]
[Termination "abhidabhi won by resignation"]

1. e4 e5 2. Nf3 Nc6 3. Bb5 a6 4. Ba4 Nf6 5. O-O b5 6. Bb3 Bb7 7. d3 Be7 8. a3 O-O 9. Nc3 Nd4 10. Nxd4 exd4 11. Ne2 c5 12. Ng3 d5 13. exd5 Nxd5 14. Re1 Rc8 15. Nf5 Bf6 16. Qg4 c4 17. Ba2 g6 18.
Bh6 Kh8 19. Ng3 Re8 20. Ne4 Bg7 21. Bxg7+ Kxg7 22. Qg3 f5 23. Nd6 Rxe1+ 24. Rxe1 f4 25. Nxb7 Qe8 26. Rxe8 Rxe8 27. Kf1 fxg3 28. hxg3 Rf8 29.
Ke2 Nb6 30. Nc5 Re8+ 31. Kd2 a5 32. dxc4 bxc4 33. f3 Re5 34. Ne4 Rb5 35. b3 a4 36. b4 Re5 37. c3 d3 38. Ke3 g5 39.
g4 Nd5+ 40. Kd2 Nb6 41. Ke3 h6 42. Kd2 Re7 43. Ke3 Kf7 44. Kd2 Ke6 45. Ke3 Ke5 46.
Kd2 Kf4 47. Bb1 Rxe4 48. fxe4 Kxe4 49. Ba2 Kf4 50. Bxc4 Nxc4+ 51. Kxd3 Nxa3 52. Kd4 Nb5+ 53. Kc4 Kxg4 54. Kxb5 a3 55. c4 a2 56. c5 a1=Q 57.
c6 Qc3 58. Kb6 Qxb4+ 0-1

[Event "Early-Titled-Tuesday-Blitz-September-12-2023"]
[Site "Chess.com"]
[Date "2023.09.12"]
[Round "6"]
[White "alexrustemov"]
[Black "itsdsyr"]
[Result "1-0"]
[WhiteElo "2857"]
[BlackElo "2220"]
[TimeControl "180+1"]
[EndTime "9:07:02 PDT"]
[Termination "alexrustemov won by resignation"]

1. d4 Nf6 2. c4 e6 3. Nf3 b6 4. a3 Bb7 5. Nc3 d5 6. Bg5 Be7 7. Bxf6 Bxf6 8. cxd5 exd5 9. Qa4+ c6 10. g3 O-O 11. Rd1 a5 12. Bg2 b5 13. Qc2 Nd7 14.
O-O Re8 15. e3 Nb6 16. a4 b4 17. Ne2 g6 18. Ne1 Nd7 19. Nd3 Bg7 20. Nec1 Rc8 21. Nb3 Ba6 22. Rfe1 Bc4 23. Nbc5 Nxc5 24. Nxc5 Bf8 25.
Nb3 Qb6 26. Bf1 c5 27. dxc5 Bxc5 28. Bxc4 dxc4 29. Qxc4 Bxe3 30. Qe2 Bc5 31. Qf3 Rxe1+ 32. Rxe1 Bf8 33. Re2 Qa6 34. Kg2 Qc4 35. Nxa5 Qa6 36. Re5 Bg7 37. Rb5 Bxb2 38. Qb7 Qxb7+ 39. Nxb7 Bc3 40.
Nc5 Ra8 41. a5 Kg7 42. Nb3 Bf6 43. Kf3 Bc3 44. Ke4 h5 45. Kd5 Ra6 46. Rb6 Ra8 47.
a6 Kf8 48. Kc6 Ke7 49. Kb7 Rd8 50. a7 Be1 51. a8=Q Rxa8 52. Kxa8 Bxf2 53. Rxb4 Bg1 54. h3 f5 55. Nd2 Kf6 56. Nf3 Bf2 57. g4 hxg4 58.
hxg4 fxg4 59. Rxg4 Kf5 60. Rg2 Be3 61. Nh4+ Kf4 62.
Nxg6+ Kf3 63. Ra2 Ke4 64. Kb7 1-0

[Event "Early-Titled-Tuesday-Blitz-September-12-2023"]
[Site "Chess.com"]
[Date "2023.09.12"]
[Round "6"]
[White "HeinichessPY"]
[Black "klauser63"]
[Result "1-0"]
[WhiteElo "2345"]
[BlackElo "2201"]
[TimeControl "180+1"]
[EndTime "9:07:03 PDT"]
[Termination "HeinichessPY won by resignation"]

1. e4 c5 2. Nf3 a6 3. c3 d5 4. exd5 Qxd5 5. d4 Bg4 6. Be2 e6 7. O-O Nf6 8. Be3 Nbd7 9. Nbd2 Be7 10. h3 Bh5 11. c4 Qd6 12. dxc5 Nxc5 13. b4 Nce4 14.
c5 Qc7 15. Nxe4 Nxe4 16. Qd4 Bg6 17. Ne5 Bf6 18. Bf4 Rd8 19. Nxg6 Bxd4 20. Bxc7 hxg6 21. Bxd8 Bxa1 22. Rxa1 Kxd8 23. Bf3 f5 24. Bxe4 fxe4 25. Re1 Ke7 26. Rxe4 Rd8 27. a3 Rd3 28. Re3 Rd1+ 29. Kh2 Rd2 30. Kg3 Rb2 31. Rd3 a5 32. bxa5 Rb5 33. Rc3 Rxa5 34. Kf4 Kf6 35. g4 Ra4+ 36. Kg3 Ke5 37. Rb3 Ra7 38. Rd3 Ke4 39. Rb3 Kd5 40.
Rc3 Kd4 41. Re3 e5 42. Kh4 Ra5 43. Rb3 Ra7 44. Kg5 Kxc5 45. Kxg6 b5 46. h4 Kc4 47. Rb4+ Kc5 48. Rb3 Kc4 49. Re3 Kd5 50. h5 e4 51.
g5 Ke5 52. h6 gxh6 53. gxh6 Ra6+ 54. Kh5 Ra7 55. f3 Kf4 56. Rxe4+ Kxf3 57. Rb4 Rb7 58. a4 Re7 59. axb5 Rb7 60. b6 Ke3 61. Kg6 Kd3 62.
h7 Kc3 63. Rb5 1-0

[Event "Early-Titled-Tuesday-Blitz-September-12-2023"]
[Site "Chess.com"]
[Date "2023.09.12"]
[Round "6"]
[White "AradNazari"]
[Black "MrTattaglia"]
[Result "0-1"]
[WhiteElo "2734"]
[BlackElo "2920"]
[TimeControl "180+1"]
[EndTime "9:07:04 PDT"]
[Termination "MrTattaglia won on time"]

1. e4 c5 2. Nf3 d6 3. Bb5+ Nc6 4. Bxc6+ bxc6 5. O-O e5 6. c3 f5 7. d4 fxe4 8. Ng5 Bf5 9. dxe5 d5 10. f3 e3 11.
Bxe3 h6 12. Nh3 Bxh3 13. gxh3 Qd7 14. f4 Ne7 15. Bxc5 Qxh3 16. Qf3 Qf5 17. Nd2 Ng6 18.
Bxf8 Rxf8 19. Nb3 Nxf4 20. Kh1 g5 21. Nd4 Qg6 22. e6 Rc8 23. Rae1 Ke7 24. Qe3 c5 25. Nb3 Qd3 26. Qe5 Rf6 27. Rf2 Qf5 28.
Qe3 Rxe6 29. Qd2 Rc6 30. Re3 Kf6 31. h4 Kg6 32. hxg5 hxg5 33. Rg3 Re4 34. Kg1 Kf7 35.
Nc1 Rce6 36. Nd3 c4 37. Nc5 Re1+ 38. Rf1 Rxf1+ 39. Kxf1 Qb1+ 40. Kf2 Re2+ 41. Qxe2 Nxe2 42. Kxe2 Qxb2+ 43. Kf1 Qc1+ 44. Kg2 Qd2+ 45. Kh3 d4 46.
Ne4 Qd1 47. Nxg5+ Ke7 48. cxd4 c3 49. Re3+ Kd7 50. Nf3 c2 51. Ne5+ Kd6 52. Nc4+ Kd5 53. Nb2 Qd2 0-1

[Event "Early-Titled-Tuesday-Blitz-September-12-2023"]
[Site "Chess.com"]
[Date "2023.09.12"]
[Round "6"]
[White "jk13"]
[Black "NicolaiMaxime"]
[Result "0-1"]
[WhiteElo "2684"]
[BlackElo "2551"]
[TimeControl "180+1"]
[EndTime "9:07:05 PDT"]
[Termination "NicolaiMaxime won by resignation"]

1. e4 c5 2. c3 Nf6 3. e5 Nd5 4. Bc4 e6 5. Nf3 Nc6 6. d4 cxd4 7. cxd4 d6 8. O-O Be7 9. Qe2 O-O 10. a3 b6 11. Bd3 Bb7 12. Qe4 g6 13.
Bh6 Re8 14. Qg4 dxe5 15. dxe5 Qc7 16. Re1 Rad8 17. Bb5 a6 18. Bf1 b5 19. Nbd2 Qb6 20. h4 Bf8 21. Bxf8 h5 22. Qg5 Rxf8 23. Qh6 Rd7 24.
Ne4 Qd8 25. Nfg5 Re8 26. Nh7 Nxe5 27. Nhg5 Nf6 28. Nxf6+ Qxf6 29. Qh7+ Kf8 30. Re3 Ng4 31. Re2 Qg7 32. Qxg7+ Kxg7 33. Rc1 Rc8 34. Rxc8 Bxc8 35.
Rc2 Bb7 36. f3 Ne3 37. Rc3 Nd5 38. Rc5 Rc7 39. Rxc7 Nxc7 40. Kf2 Kf6 41. Ke3 Ke7 42. Kd4 f6 43. Nh3 Kd6 44. b4 e5+ 45. Ke3 Nd5+ 46. Kd2 Nf4 47. Nxf4 exf4 48. Bd3 g5 49. hxg5 fxg5 50. Kc3 Ke5 51. Bc2 Bc6 52. Kd3 g4 53.
Ke2 g3 54. Bg6 h4 55. Bf7 Kd4 56. Be6 Bb7 57. Bf5 Kc3 58. Be4 Bxe4 59. fxe4 Kd4 60.
Kf3 Ke5 61. Kg4 Kxe4 62. Kxh4 f3 63. Kxg3 fxg2 64. Kxg2 Kd3 65. Kf3 Kc3 66. Ke4 Kb3 67. Kd5 Kxa3 68. Kc5 Ka4 69. Kb6 Kxb4 0-1

[Event "Early-Titled-Tuesday-Blitz-September-12-2023"]
[Site "Chess.com"]
[Date "2023.09.12"]
[Round "6"]
[White "Cheer_Down"]
[Black "Dixit_Nikhil"]
[Result "1-0"]
[WhiteElo "2420"]
[BlackElo "2559"]
[TimeControl "180+1"]
[EndTime "9:07:05 PDT"]
[Termination "Cheer_Down won by checkmate"]

1. e4 a6 2. d4 h6 3. Bd3 e6 4.
Nf3 b6 5. O-O g6 6. Re1 Bg7 7.
Nbd2 Bb7 8. c3 d6 9. Nf1 Ne7 10. Ng3 Nd7 11. a4 e5 12. h4 h5 13. d5 a5 14. Ng5 Ng8 15. b4 Nh6 16. Bd2 Ng4 17. Be2 Ngf6 18. bxa5 Rxa5 19. c4 Ra8 20. a5 bxa5 21.
Rxa5 O-O 22. Rxa8 Qxa8 23. Be3 Qa5 24. Qd2 Qxd2 25. Bxd2 Ra8 26. Rb1 Bc8 27. Be3 Rb8 28. Ra1 Ng4 29. Bxg4 hxg4 30. Ra7 Rb7 31. Ra8 Rb1+ 32.
Kh2 Rb8 33. Ra7 Rb7 34. Ra8 Rb8 35. Ra7 Nf8 36. Rxc7 f6 37. Ne6 Nxe6 38. dxe6 Bxe6 39. h5 Rc8 40. Rxc8+ Bxc8 41. hxg6 Be6 42. Nf5 Bf8 43. Kg3 Bxc4 44. Kxg4 Be6 45. Kh5 d5 46. f3 d4 47.
Bd2 Bxf5 48. exf5 Ba3 49. g4 Bb2 50. g5 Bc3 51. Bc1 d3 52. gxf6 d2 53. Bxd2 Bxd2 54. Kg4 Be1 55. f7+ Kg7 56. f6+ Kf8 57. Kf5 Bg3 58.
Ke6 Bf4 59. g7# 1-0

[Event "Early-Titled-Tuesday-Blitz-September-12-2023"]
[Site "Chess.com"]
[Date "2023.09.12"]
[Round "6"]
[White "ElenaPershina"]
[Black "Gogolev_Artemy"]
[Result "0-1"]
[WhiteElo "2262"]
[BlackElo "2394"]
[TimeControl "180+1"]
[EndTime "9:07:05 PDT"]
[Termination "Gogolev_Artemy won on time"]

1. e4 c5 2. Nf3 e6 3. g3 d5 4. exd5 exd5 5. d4 Nc6 6. Bg2 cxd4 7. Nxd4 Bc5 8. Nxc6 bxc6 9. O-O Nf6 10. c4 O-O 11.
cxd5 Nxd5 12. Qc2 Qb6 13. Nc3 Nxc3 14. Qxc3 Ba6 15. Rd1 Bxf2+ 16. Kh1 Rad8 17. Bg5 f6 18. Bf4 Bd4 19. Qxc6 Qxc6 20. Bxc6 Bxb2 21. Rab1 Bd4 22. a4 Bb6 23. Kg2 g5 24. Bd6 Rf7 25. a5 Bxa5 26.
Bd5 Bb6 27. Bxf7+ Kxf7 28. Bb4 Rc8 29. Rd7+ Kg6 30. Rbd1 Bb5 31. Re7 Rc4 32. Be1 Bc6+ 33. Kf1 Rc2 34. Rd2 Rc1 35. Ke2 Bb5+ 36. Kf3 Rc3+ 37.
Kg2 Bc6+ 38. Kf1 Rf3+ 39. Ke2 Rb3 40. Bf2 Bf3+ 41. Kf1 Ba5 42. Rc2 Rb1+ 43. Be1 Bxe1 44. Rxe1 Rb3 45. Kf2 Bg4 46. Rec1 Rf3+ 47. Kg2 Rd3 48.
h3 Bf3+ 49. Kf2 Bd5 50. Rb2 Rf3+ 51. Ke2 Rxg3 52. Rc7 Bf3+ 53. Kf2 Rxh3 0-1

[Event "Early-Titled-Tuesday-Blitz-September-12-2023"]
[Site "Chess.com"]
[Date "2023.09.12"]
[Round "6"]
[White "Vladimir_Zakhartsov"]
[Black "The_Machine04"]
[Result "0-1"]
[WhiteElo "2875"]
[BlackElo "2674"]
[TimeControl "180+1"]
[EndTime "9:07:06 PDT"]
[Termination "The_Machine04 won by resignation"]

1. e4 d6 2. d4 Nf6 3. Nc3 e5 4. Nf3 Nbd7 5. Bc4 Be7 6. Ng5 O-O 7. Bxf7+ Rxf7 8. Ne6 Qe8 9. Nxc7 Qd8 10. Nxa8 b5 11. a3 Bb7 12. f3 Bxa8 13. Be3 a6 14. O-O Bb7 15. Qd2 Qc7 16. d5 Nb6 17. b3 Bc8 18.
a4 b4 19. Ne2 a5 20. c3 bxc3 21. Qxc3 Qb8 22. Qxa5 Bd8 23. Qd2 Ba6 24. Rfc1 Rb7 25. b4 Nc4 26. Rxc4 Bxc4 27. b5 Bxe2 28. Qxe2 Ba5 29. Rc1 Nd7 30. Rc6 Nb6 31. Qc2 Kf7 32. Kf1 Ke7 33. f4 exf4 34. Bxf4 Qf8 35. Qf2 Ke8 36.
Rxd6 Rf7 37. Re6+ Kd7 38. g3 g5 39. Qc2 gxf4 40. Qc6+ Kd8 41. Rd6+ Qxd6 42. Qxd6+ Nd7 43. gxf4 Bc7 44. Qc6 Rxf4+ 45. Kg2 Rg4+ 46. Kf3 Ne5+ 47.
Ke3 Nxc6 48. dxc6 Rh4 49. Kd4 Bb6+ 50. Kd5 Rxh2 51. e5 Rd2+ 52. Ke6 h5 53. Kf7 Rf2+ 54. Kg6 h4 55. e6 Re2 56. a5 Bxa5 57. Kf7 Rf2+ 58.
Kg6 h3 59. c7+ Bxc7 60. e7+ Kxe7 61. b6 Bxb6 0-1